AoeStats
← Reis

MegaRandom

505722738Analyzed
4v4 RM · 23d ago on Sep 10, 2026· 24m 23s· 8 players
Game mode
Random Map
Map size
Large (8 player)
Population
200
Speed
Normal
Resources
Standard
Victory
Conquest
Starting age
Dark Age
Ending age
Imperial Age
RankedLock teamsTeams togetherTeam positionsShared explorationLock speedFull tech treeHidden civsTurbo modeCheats
Victory
Defeat
🇨🇱 Saracens · Chile
1435
+14
🇨🇭 Bulgarians · Switzerland
1430
+14
🇲🇽 Huns · Mexico
1418
+15
🇧🇷 Jurchens · Brazil
1396
+16
🇨🇳 Magyars · China
1421
-16
🇦🇷 Chinese · Argentina
1412
-16
🇭🇰 Mongols · Hong Kong SAR China
1396
-15
Reis
11:09 Feudal Age
10:36 Loom
14:45 Castle Age
12:40 Double-Bit Axe
13:36 Horse Collar
14:14 Loom
15:40 Scale Barding Armor
17:28 Fletching
19:14 Bodkin Arrow
23:01 Bow Saw
Karzul
2:46 Loom
10:47 Feudal Age
14:31 Castle Age
13:20 Scale Mail Armor
21:21 Double-Bit Axe
21:17 Horse Collar
[GDL] ColimoteStudioS
2:38 Loom
10:17 Feudal Age
14:43 Castle Age
12:41 Double-Bit Axe
15:27 Bloodlines
16:13 Scale Barding Armor
16:00 Horse Collar
20:10 Wheelbarrow
20:21 Forging
23:11 Chain Barding Armor
Diegote
5:26 Loom
11:37 Feudal Age
15:09 Castle Age
15:49 Gold Mining
17:20 Double-Bit Axe
巨大豚
2:14 Loom
10:54 Feudal Age
14:32 Castle Age
12:35 Double-Bit Axe
13:05 Gold Mining
12:58 Horse Collar
15:35 Bow Saw
18:25 Squires
18:26 Scale Mail Armor
19:27 Chain Mail Armor
23:04 Town Watch
24:05 Fletching
夫国之有民,犹水之有舟,停则以安,扰则以危
12:36 Feudal Age
13:44 Double-Bit Axe
13:51 Horse Collar
16:26 Castle Age
14:43 Loom
21:52 Imperial Age
22:58 Bow Saw
1234yy
7:56 Loom
11:04 Feudal Age
16:11 Castle Age
14:09 Fletching
14:20 Padded Archer Armor
14:30 Horse Collar
14:41 Gold Mining
15:02 Forging
16:06 Town Watch
17:31 Bodkin Arrow
20:52 Gold Shaft Mining
instant cereal
9:56 Feudal Age
10:46 Loom
14:12 Castle Age
12:47 Double-Bit Axe
13:18 Horse Collar
13:52 Stone Mining
14:00 Gold Mining
17:03 Bow Saw
23:02 Scale Barding Armor
24:00 Town Watch
24:54 Wheelbarrow
Connection lost

Rejoining the realm…

Still unreachable

The connection could not be restored.

Session expired

The server has moved on; the page needs a fresh start.